 Dungeon Crawl Stone Soup version 0.27-a0-686-gaed091b46b (webtiles) character file.

Game seed: 11116690812318495906

30 sylasv the Conjurer (level 3, 0/26 HPs)
             Began as a Draconian Conjurer on Mar 20, 2021.
             Slain by an adder (3 damage)
             ... on level 2 of the Dungeon.
             The game lasted 00:06:32 (1437 turns).

sylasv the Conjurer (Draconian Conjurer)            Turns: 1437, Time: 00:06:33

Health: 0/26       AC:  5    Str: 15    XL:     3   Next: 3%
Magic:  3/6        EV: 12    Int: 19    God:
Gold:   50         SH:  0    Dex:  9    Spells: 3/6 levels left

rFire    . . .     SeeInvis .   c - +0 short sword
rCold    . . .     Faith    .   (no shield)
rNeg     . . .     Spirit   .   (armour unavailable)
rPois    .         Reflect  .   (helmet restricted)
rElec    .         Harm     .   (no cloak)
rCorr    .         Rampage  .   (no gloves)
Will     .....                  (no boots)
Stlth    ++........             (no amulet)
HPRegen  0.08/turn              h - +6 ring of strength
MPRegen  0.10/turn              (no ring)

@: lethally poisoned (0 -> -5)
A: AC +5, unfitting armour, cold-blooded
a: no special abilities


You were on level 2 of the Dungeon.
You visited 1 branch of the dungeon, and saw 2 of its levels.

You collected 50 gold pieces.

Inventory:

Hand Weapons
 b - a +0 spear
 c - a +0 short sword (weapon)
 e - a +0 hunting sling
Missiles
 d - 72 stones
Jewellery
 h - a +6 ring of strength (right hand)
Scrolls
 g - a scroll of amnesia {unknown}
Potions
 a - a potion of haste {unknown}


   Skills:
 + Level 1.9 Dodging
 + Level 1.8 Stealth
 + Level 2.2 Spellcasting
 + Level 4.7 Conjurations


You had 3 spell levels left.
You knew the following spells:

 Your Spells              Type           Power      Damage    Failure   Level
a - Magic Dart            Conj           80%        1d7       2%          1
b - Searing Ray           Conj           40%        3d4       3%          2

Your spell library contained the following spells:

 Spells                   Type           Power      Damage    Failure   Level
 Conjure Flame            Conj/Fire      11%        6-21      19%         3
 Dazzling Flash           Conj/Hex       22%        N/A       19%         3
 Blink                    Tloc           N/A        N/A       26%         2
 Call Imp                 Summ           2%         N/A       26%         2
 Slow                     Hex            2%         N/A       26%         2
 Mephitic Cloud           Conj/Pois/Air  8%         N/A       26%         3
 Fulminant Prism          Conj/Hex       5%         3d7       52%         4
 Iskenderun's Mystic Bla  Conj/Tloc      11%        2d4       52%         4


Dungeon Overview and Level Annotations

Branches:
Dungeon (2/15)

Altars:


Innate Abilities, Weirdness & Mutations

Your plain brown scales are hard. (AC +5)
You cannot fit into any form of body armour.
You are cold-blooded and may be slowed by cold attacks.


Message History

Your unstable footing causes you to fumble your attack.
You feel sick. The adder barely misses you.
Your unstable footing causes you to fumble your attack.
The adder barely misses you.
You closely miss the adder.
The adder is moderately wounded.
You feel sick. The adder misses you. The adder barely misses you.
You barely miss the adder.
The adder is moderately wounded.
The adder bites you but does no damage.
You feel stronger.
h - a +6 ring of strength (right hand)
The adder closely misses you.
Your unstable footing causes you to fumble your attack.
You feel sick. The adder closely misses you. x2
Your unstable footing causes you to fumble your attack.
The adder bites you but does no damage.
Your unstable footing causes you to fumble your attack.
The adder bites you. x2
You are lethally poisoned!
The adder poisons you!
You miss the adder.
The adder is moderately wounded.
You feel sick. The adder closely misses you.
You completely miss the adder.
The adder is moderately wounded.
* * * LOW HITPOINT WARNING * * *
You feel sick. The adder bites you but does no damage.
The adder bites you but does no damage.
You see here 14 gold pieces.
* * * LOW HITPOINT WARNING * * *
You feel sick. The adder bites you but does no damage.
Found 15 gold pieces.
The adder bites you.
* * * LOW HITPOINT WARNING * * *
The adder completely misses you. The adder barely misses you.
* * * LOW HITPOINT WARNING * * *
You feel sick. The adder bites you.
You die...

. #........≈≈... #.#
#.........≈≈.. #..
#.....≈≈....≈.
#..###....[..≈≈..≈.
#.........≈.!..≈≈..
#..........≈≈⌠.....
###...........⌠≈≈....
..<........≈≈....≈...
.......<.@S.$≈≈..≈...
..........≈....≈≈....
...........≈≈........
............≈≈......$
.........###≈≈≈≈≈≈###
.......... ##≈≈≈≈##
.......... ######
.......####


You could see an adder (inner flame).

Vanquished Creatures
  A dart slug (D:1)
  A leopard gecko (D:1)
  An orc (D:2)
  2 giant cockroaches (D:1)
  5 goblins
  A hobgoblin (D:1)
  A quokka (D:1)
  2 ball pythons
  4 bats (D:1)
  5 kobolds (D:1)
  A rat (D:1)
24 creatures vanquished.

Notes
Turn   | Place    | Note
-------+----------+-------------------------------------------
     0 | D:1      | sylasv the Draconian Conjurer began the quest for the Orb.
     0 | D:1      | Reached XP level 1. HP: 14/14 MP: 3/3
   396 | D:1      | Reached XP level 2. HP: 20/20 MP: 3/5
   401 | D:1      | Learned a level 2 spell: Searing Ray
  1405 | D:2      | Reached XP level 3. HP: 26/26 MP: 2/6
  1437 | D:2      | Slain by an adder

Illustrated notes

Levels and vault maps discovered:
D:1:      saegor_arrival_simple_a, layout_loops_corners, hangedman_decor_points
D:2:      cheibrodos_helix_gallery, layout_rooms,
          nicolae_dithmenos_shadow_blocks, uniq_terence

Action                   || total
-------------------------++-------
Melee: Short sword       ||    19
 Cast: Magic Dart        ||    42
  Use: Scroll            ||     1
Armor: Skin              ||    10
Dodge: Dodged            ||    21

Table legend: (Time is in decaauts)
 A = Elapsed time spent in this place.
 B = Non-inter-level travel time spent in this place.
 C = Inter-level travel time spent in this place.
 D = Time resting spent in this place.
 E = Time spent auto-exploring this place.
 F = Levels seen in this place.
 G = Mean time per level.
                   A        B        C        D        E       F      G
               +--------+--------+--------+--------+--------+-----+--------+
         Total |   1438 |   1342 |     96 |    276 |    837 |   2 |  719.0 |
       Dungeon |   1438 |   1342 |     96 |    276 |    837 |   2 |  719.0 |
               +--------+--------+--------+--------+--------+-----+--------+

Top non-repeatable levels by time:
     D:1: 1399 daAuts
     D:2: 38 daAuts
